 Dungeon Crawl Stone Soup version 0.30-a0-586-g23e55c9e0a (webtiles) character file.

Game seed: 17678892548227655863

64 Dirtsage the Slasher (level 3, 0/29 HPs)
             Began as a Demonspawn Monk on Jan 3, 2023.
             Succumbed to an adder's poison
             ... on level 2 of the Dungeon.
             The game lasted 00:02:27 (971 turns).

Dirtsage the Slasher (Demonspawn Monk)               Turns: 971, Time: 00:02:27

Health: 0/29       AC:  4    Str: 10 (11) XL:     3   Next: 91%
Magic:  3/3        EV: 13    Int:  8 (11) God:
Gold:   188        SH:  0    Dex: 16 (17) Spells: 2/2 levels left

rFire   . . .      SeeInvis .    a - +1 falchion
rCold   . . .      Faith    .    (no shield)
rNeg    . . .      Spirit   +    b - +0 robe
rPois   .          Reflect  .    k - +0 helmet
rElec   .          Harm     .    (no cloak)
rCorr   .          Rampage  .    p - +0 pair of gloves
Will    .....                    (no boots)
Stlth   ++                       (no amulet)
HPRegen 0.24/turn                (no ring)
MPRegen 0.16/turn                (no ring)

@: brilliant, lethally poisoned (0 -> -1), attractive, flying
A: magic shield, magic regeneration
a: no special abilities


You were on level 2 of the Dungeon.
You visited 1 branch of the dungeon, and saw 2 of its levels.

You collected 188 gold pieces.

Inventory:

Hand Weapons
 a - a +1 falchion (weapon)
Armour
 b - a +0 robe (worn)
 k - a +0 helmet (worn)
 p - a +0 pair of gloves (worn)
Jewellery
 g - a ring of fire
Wands
 m - a wand of flame (22)
Scrolls
 d - a scroll of immolation {unknown}
 t - a scroll of teleportation
Potions
 e - 2 potions of brilliance


   Skills:
 - Level 3.0 Fighting
 + Level 4.4 Long Blades
 - Level 2.6 Dodging
 - Level 1.7 Stealth


You had 2 spell levels left.
You didn't know any spells.
Your spell library was empty.

Dungeon Overview and Level Annotations

Branches:
Dungeon (2/15)

Altars:


Innate Abilities, Weirdness & Mutations

When hurt, damage is shared between your health and your magic reserves.
You regenerate magic rapidly.


Message History

Aim: an adder (48% to hit)
The puff of flame hits the adder.
The adder is heavily wounded.
You hit the adder.
The adder is almost dead.
The adder bites you.
* * * LOW HITPOINT WARNING * * *
You are lethally poisoned!
The adder poisons you!
You take 2 damage, and have 6/29 hp.
You now have 2/3 mp.
You slash the adder!
You kill the adder!
* * * LOW HITPOINT WARNING * * *
You feel sick.
You take 2 damage, and have 4/29 hp.
It was a potion of degeneration.
There was something very wrong with that liquid.
You feel weakened.
You feel dopey.
You feel clumsy.
* * * LOW HITPOINT WARNING * * *
You feel sick.
You take 1 damage, and have 3/29 hp.
It was a potion of attraction.
You feel attractive to monsters.
* * * LOW HITPOINT WARNING * * *
You feel sick.
You take 1 damage, and have 2/29 hp.
As you read the scroll labelled BEXEKLEZUFIC, it crumbles to dust.
It is a scroll of identify.
l - a scroll of teleportation;
t - a scroll of teleportation
* * * LOW HITPOINT WARNING * * *
You feel sick.
As you read the scroll labelled FIOTTE UTOH, it crumbles to dust.
It is a scroll of enchant weapon.
Your +0 falchion glows red for a moment.
* * * LOW HITPOINT WARNING * * *
You feel sick.
You take 1 damage, and have 1/29 hp.
As you read the scroll labelled TYEMPY JOURA, it crumbles to dust.
You feel aware of your surroundings.
It was a scroll of magic mapping.
You die...

.......#.###..,,..#
#.......#
#.#......###..,>..#
###...###
..............,,..# #...#
######..##*#..**#.# ##.##
*,.####..###.# #.# ###
*,.........#†# #.# ..#
**.####..#.#.# #.# #.#
*,*###..#.#.# #.#
*,*****,......†.@.#######.#
,,,,,,,*#######...........#
*,**,*,* #############
*,**,,,* *,****,* ,,****,*
*,,,,,,* ******,* * *,*


There were no monsters in sight!

Vanquished Creatures
  4 adders (D:2)
  A worm (D:2)
  A ball python (D:1)
  3 bats (D:2)
  2 endoplasms
  3 giant cockroaches
  A goblin (D:1)
  2 hobgoblins (D:2)
  2 jackals (D:2)
  A kobold (D:1)
  2 quokkas (D:1)
  A frilled lizard (D:1)
23 creatures vanquished.

Vanquished Creatures (others)
  A fungus (D:1)
  4 toadstools (D:1)
5 creatures vanquished.

Grand Total: 28 creatures vanquished

Notes
Turn   | Place    | Note
-------+----------+-------------------------------------------
     0 | D:1      | Dirtsage the Demonspawn Monk began the quest for the Orb.
     0 | D:1      | Reached XP level 1. HP: 18/18 MP: 1/1
    91 | D:1      | Reached skill level 3 in Long Blades
   190 | D:1      | Gained mutation: You regenerate magic rapidly. [demonic
                  | ancestry]
   190 | D:1      | Reached XP level 2. HP: 24/24 MP: 2/2
   807 | D:2      | Gained mutation: When hurt, damage is shared between your
                  | health and your magic reserves. [demonic ancestry]
   807 | D:2      | Reached XP level 3. HP: 27/29 MP: 3/3
   834 | D:2      | Reached skill level 4 in Long Blades
   929 | D:2      | HP: 1/29 [adder (2)]
   970 | D:2      | HP: 1/29 [poisoned by an adder]
   971 | D:2      | Succumbed to an adder's poison

Illustrated notes

Levels and vault maps discovered:
D:1:      nzn_arrival_crosshair, layout_basic, minmay_gold_behind_fungi
D:2:      layout_loops_cross

Skill      XL: |  1  2  3 |
---------------+----------+-----
Long Blades    | 3 4 |  4.4
Fighting       | |  3.0
Dodging        | |  2.6
Stealth        | |  1.7

Action                   || total
-------------------------++-------
Melee: Falchion          ||   106
       Punch             ||     1
Evoke: Wand              ||     1
  Use: Potion            ||     5
       Scroll            ||     3
 Stab: Sleeping          ||     4
Armor: Robe              ||    19
Dodge: Dodged            ||    90

Table legend: (Time is in decaauts)
 A = Elapsed time spent in this place.
 B = Non-inter-level travel time spent in this place.
 C = Inter-level travel time spent in this place.
 D = Time resting spent in this place.
 E = Time spent auto-exploring this place.
 F = Levels seen in this place.
 G = Mean time per level.
                   A        B        C        D        E       F      G
               +--------+--------+--------+--------+--------+-----+--------+
         Total |    984 |    945 |     39 |      0 |    714 |   2 |  492.0 |
       Dungeon |    984 |    945 |     39 |      0 |    714 |   2 |  492.0 |
               +--------+--------+--------+--------+--------+-----+--------+

Top non-repeatable levels by time:
     D:1: 579 daAuts
     D:2: 405 daAuts
